 Dungeon Crawl Stone Soup version 0.20.1-1-g8b1a95d (console) character file.

579 hilaritas the Chiller (level 7, -1/55 HPs)
             Began as a Deep Elf Ice Elementalist on Sept 20, 2017.
             Was a Follower of Sif Muna.
             Slain by Menkaure (10 damage)
             ... on level 4 of the Dungeon.
             The game lasted 00:12:13 (3256 turns).

hilaritas the Chiller (Deep Elf Ice Elementalist)   Turns: 3256, Time: 00:12:14

Health: -1/55      AC: 33    Str:  7    XL:     7   Next: 13%
Magic:  1/18       EV:  2    Int: 25    God:    Sif Muna [*.....]
Gold:   168        SH:  0    Dex: 15    Spells: 4/18 levels left

rFire    . . .     SeeInvis .   g - +1 spear
rCold    . . .     Gourm    .   (no shield)
rNeg     + + +     Faith    .   (armour currently unavailable)
rPois    +         Spirit   .   (helmet currently unavailable)
rElec    .         Reflect  .   (cloak currently unavailable)
rCorr    .         Harm     .   (gloves currently unavailable)
MR       +....     NoTele   +   (boots currently unavailable)
Stlth    ++........             f - amulet of regeneration
Regen    0.6/turn               x - +4 ring of protection
MPRegen  0.2/turn               w - ring of poison resistance

@: brilliant, icy armour, tree-form, slow
A: rugged brown scales 1, magic resistance 1
a: Divine Energy, Renounce Religion


You were on level 4 of the Dungeon.
You worshipped Sif Muna.
Sif Muna was aware of your devotion.
You were hungry.
You were a tree.
You visited 1 branch of the dungeon, and saw 4 of its levels.

You collected 168 gold pieces.

Inventory:

Hand Weapons
 g - a +1 spear (weapon)
Missiles
 p - 74 arrows
 q - 106 stones (quivered)
Armour
 a - a +0 robe (melded)
 t - a +1 helmet (melded)
Jewellery
 f - an amulet of regeneration (around neck)
 i - a +4 ring of slaying
 w - a ring of poison resistance (right branch)
 x - a +4 ring of protection (left branch)
Wands
 n - a wand of confusion (19/48)
Scrolls
 e - a scroll of remove curse
 h - a scroll of enchant weapon
 j - 4 scrolls of teleportation
 y - a scroll of amnesia
Potions
 d - a potion of mutation
 m - a potion of flight {unknown}
 r - a potion of berserk rage {unknown}
Books
 b - a book of Frost

   Spells                             Type                      Level
   a - Freeze                         Ice                          1
   b - Throw Frost                    Conjuration/Ice              2
   c - Ozocubu's Armour               Charms/Ice                   3
   d - Throw Icicle                   Conjuration/Ice              4
   e - Summon Ice Beast               Ice/Summoning                4
Comestibles
 c - 4 bread rations
 k - 4 chunks of flesh
 s - 3 fruits
 A - 2 meat rations


   Skills:
 - Level 2.4 Dodging
 - Level 2.4 Stealth
 - Level 6.0 Spellcasting
 * Level 3.2 Conjurations
 + Level 6.3 Ice Magic
 * Level 3.1 Invocations


You had 4 spell levels left.
You knew the following spells:

 Your Spells              Type           Power        Failure   Level  Hunger
a - Freeze                Ice            ####         1%          1    None
b - Throw Frost           Conj/Ice       #####.       1%          2    None
c - Ozocubu's Armour      Chrm/Ice       #####...     1%          3    None
d - Throw Icicle          Conj/Ice       #####...     1%          4    ###....
e - Summon Ice Beast      Ice/Summ       #####...     2%          4    ###....


Dungeon Overview and Level Annotations

Branches:
Dungeon (4/15)
 Temple: D:4-7

Altars:
Ashenzari
Sif Muna

Annotations:
D:4 Menkaure


Innate Abilities, Weirdness & Mutations

((You have sharp toenails.))
((You are partially covered in molten scales. (AC +2)))
(You are partially covered in rugged brown scales. (AC +1, +3% HP))
You are resistant to hostile enchantments. (MR+)


Message History

* * * LOW HITPOINT WARNING * * *
Menkaure casts a spell at you.
You easily resist.
It was a potion of brilliance.
You feel clever all of a sudden.
You are feeling hungry.
Menkaure calls on the powers of darkness!
Your body is wracked with pain!
* * * LOW HITPOINT WARNING * * *
You turn into a tree.
Your +1 helmet melds into your body.
Your +0 robe melds into your body.
Your roots penetrate the ground.
Menkaure hums, "It doesn't hurt if you pull your brain out of your nose yourself."
Menkaure hits you but does no damage.
You hit Menkaure.
Menkaure is almost destroyed.
Menkaure hits you but does no damage. x2
You hit Menkaure.
Menkaure is almost destroyed.
Menkaure hits you!
You die...

####### #.....#
#.....# ##.....# #..#
#####..# #......#
###### ##.#..####
#..... #..M♣.)..#
#)....
#.....###.#######.....
#.#.### #.......#.....
.. #. #######.#.....
#. #o #....... # o
###.)... . #.....
#..... #..... ####..
#..


You could see Menkaure.

Vanquished Creatures
  An ogre (D:4)
  Blork the orc (D:4)
  The ghost of Ohmic the Cudgeler, a weakling DDBe of Trog (D:3)
  A howler monkey (D:4)
  An orc priest (D:3)
  4 orc wizards
  A worker ant (D:4)
  3 gnolls (D:4)
  A howler monkey skeleton (D:4)
  5 adders
  An ooze (D:3)
  A worm (D:3)
  2 leopard geckos
  5 orcs
  7 bats
  4 giant cockroaches
  10 goblins
  10 hobgoblins
  10 jackals
  A quokka (D:3)
  A ball python (D:2)
  4 frilled lizards
  10 kobolds
  7 rats
92 creatures vanquished.

Vanquished Creatures (others)
  5 toadstools (D:1)
5 creatures vanquished.

Grand Total: 97 creatures vanquished

Notes
Turn   | Place    | Note
-------+----------+-------------------------------------------
     0 | D:1      | hilaritas the Deep Elf Ice Elementalist began the quest for the Orb.
     0 | D:1      | Reached XP level 1. HP: 10/10 MP: 6/6
   193 | D:1      | Found a shattered altar of Ashenzari.
   373 | D:1      | Reached XP level 2. HP: 15/15 MP: 6/8
   714 | D:2      | Learned a level 2 spell: Throw Frost
   833 | D:2      | Reached XP level 3. HP: 18/19 MP: 6/9
   838 | D:2      | Learned a level 3 spell: Ozocubu's Armour
  1185 | D:2      | Reached skill level 5 in Ice Magic
  1426 | D:2      | Found a faded altar of an unknown god.
  1558 | D:2      | Found a deep blue altar of Sif Muna.
  1561 | D:2      | Became a worshipper of Sif Muna the Loreminder
  1919 | D:3      | Reached XP level 4. HP: 24/24 MP: 7/10
  2042 | D:3      | Reached skill level 1 in Invocations
  2044 | D:3      | Reached XP level 5. HP: 28/28 MP: 0/13
  2056 | D:3      | Reached skill level 5 in Spellcasting
  2063 | D:3      | Learned a level 4 spell: Throw Icicle
  2068 | D:3      | Learned a level 4 spell: Summon Ice Beast
  2219 | D:3      | Noticed Ohmic's ghost (weakling DDBe)
  2231 | D:3      | Killed Ohmic's ghost
  2542 | D:3      | Reached * piety under Sif Muna
  2859 | D:4      | Reached XP level 6. HP: 32/32 MP: 12/17
  2900 | D:4      | Noticed Blork the orc
  2943 | D:4      | Gained mutation: You are partially covered in rugged brown scales. (AC +1, +3% HP) [potion of mutation]
  2943 | D:4      | Gained mutation: You have sharp toenails. [potion of mutation]
  2943 | D:4      | Gained mutation: You are partially covered in molten scales. (AC +2) [potion of mutation]
  2943 | D:4      | Gained mutation: You are resistant to hostile enchantments. (MR+) [potion of mutation]
  2969 | D:4      | Killed Blork the orc
  3012 | D:4      | Reached XP level 7. HP: 33/37 MP: 0/18
  3242 | D:4      | Noticed Menkaure
  3256 | D:4      | Slain by Menkaure

Skill      XL: |  1  2  3  4  5  6  7 |
---------------+----------------------+-----
Ice Magic      | 4 5 6 |  6.3
Conjurations   | 2 3 |  3.2
Spellcasting   | 4 6 |  6.0
Invocations    | 1 2 3 |  3.1
Dodging        | |  2.4
Stealth        | |  2.4

Action                   |  1- 3 |  4- 6 |  7- 9 || total
-------------------------+-------+-------+-------++-------
Melee: Spear             |     2 |    68 |     4 ||    74
       Kick              |       |     6 |       ||     6
 Cast: Freeze            |    61 |    76 |    17 ||   154
       Ozocubu's Armour  |       |     4 |     2 ||     6
       Throw Frost       |       |     6 |     3 ||     9
       Throw Icicle      |       |       |     1 ||     1
  Use: Scroll            |       |     7 |     1 ||     8
       Potion            |       |     4 |     2 ||     6
  Eat: Chunk             |     3 |     3 |     1 ||     7
Armor: Robe              |     8 |    47 |     2 ||    57
       Skin              |       |    27 |     3 ||    30
Dodge: Dodged            |    35 |    67 |     9 ||   111
